 Dungeon Crawl Stone Soup version 0.28.0 (webtiles) character file.

Game seed: 1364956749855263204

160900 Hasart the Carver (level 16, -4/136 HPs)
             Began as a Demigod Fighter on Feb 12, 2022.
             Killed from afar by a merfolk aquamancer (17 damage)
             ... with a ball of steam
             ... on level 3 of the Shoals.
             The game lasted 01:30:25 (34523 turns).

Hasart the Carver (Demigod Fighter)                Turns: 34523, Time: 01:30:26

Health: -4/136     AC: 26    Str: 33    XL:     16   Next: 64%
Magic:  1/29       EV: 17    Int: 11    God:
Gold:   797        SH: 21    Dex: 27    Spells: 25/27 levels left

rFire   . . .      SeeInvis +   X - +4 scimitar (flame)
rCold   + . .      Faith    .   M - +2 kite shield
rNeg    . . .      Spirit   .   p - +5 chain mail of Lies {Regen+ rCorr Str+8 Stlth-}
rPois   .          Reflect  +   K - +2 hat {SInv}
rElec   .          Harm     .   N - scarf {repulsion}
rCorr   +          Rampage  .   V - +3 Mad Mage's Maulers {Infuse+∞ RegenMP Int-3}
Will    +....                   t - +2 pair of boots
Stlth   ..........              h - amulet of reflection
HPRegen 1.12/turn               s - ring of protection from cold
MPRegen 0.61/turn               A - +6 ring of dexterity

@: lethally poisoned (-4 -> -10), mesmerised, very slightly contaminated, repel
missiles
A: high MP 1, forlorn, divine attributes
a: no special abilities


You were on level 3 of the Shoals.
You visited 4 branches of the dungeon, and saw 26 of its levels.
You also visited: Ice Cave.

You collected 2642 gold pieces.
You spent 1845 gold pieces at shops.

Inventory:

Hand Weapons
 j - a +1 long sword of holy wrath
 X - a +4 scimitar of flaming (weapon)
Missiles
 g - 11 throwing nets
 y - 46 poisoned darts
 E - 9 boomerangs (quivered)
 L - 7 curare-tipped darts
 O - 3 silver javelins
 Y - 6 javelins
Armour
 p - the +5 chain mail of Lies (worn) {Regen+ rCorr Str+8 Stlth-}
   (You found it on level 4 of the Lair of Beasts)

   Str:       It affects your strength (+8).
   Regen:     It increases your rate of health regeneration.
   rCorr:     It protects you from acid and corrosion.
   Stlth:     It makes you less stealthy.
 t - a +2 pair of boots (worn)
 w - the +1 chain mail of Articulation {rPois rF+ Str+4}
   (You found it on level 4 of the Dungeon)

   Str:       It affects your strength (+4).
   rF:        It protects you from fire.
   rPois:     It protects you from poison.
 K - a +2 hat of see invisible (worn)
 M - a +2 kite shield (worn)
 N - a scarf of repulsion (worn)
 V - the +3 Mad Mage's Maulers (worn) {Infuse+∞ RegenMP Int-3}
   (You found it on level 13 of the Dungeon)

   It empowers its wearer's blows with all of their magic.
   It causes its wearer's magical reserves to regenerate more quickly.
   Int:       It affects your intelligence (-3).
 Z - a +0 cloak of cold resistance
Jewellery
 a - a ring of poison resistance
 h - an amulet of reflection (around neck)
 k - a ring of protection from fire
 m - a ring of resist corrosion
 s - a ring of protection from cold (left hand)
 v - a ring of see invisible
 A - a +6 ring of dexterity (right hand)
 F - an amulet of regeneration
 I - a ring of protection from cold
Wands
 b - a wand of digging (8)
 r - a wand of mindburst (27)
 P - a wand of paralysis (4)
 R - a wand of acid (6)
 S - a wand of iceblast (8)
Scrolls
 e - 8 scrolls of blinking
 f - 2 scrolls of enchant weapon
 l - 4 scrolls of amnesia
 n - 6 scrolls of teleportation
 z - 5 scrolls of enchant armour
 C - 11 scrolls of magic mapping
 D - 18 scrolls of identify
 T - 2 scrolls of brand weapon
 U - 2 scrolls of fog
Potions
 c - a potion of invisibility
 d - 2 potions of might
 i - 6 potions of heal wounds
 o - a potion of berserk rage
 q - a potion of cancellation
 u - 3 potions of haste
 x - 9 potions of curing
 B - 4 potions of lignification
 G - 2 potions of brilliance
 J - a potion of magic
 Q - a potion of flight
Miscellaneous
 H - a tin of tremorstones (2/2)
 W - a phantom mirror


   Skills:
 + Level 10.6 Fighting
 + Level 14.2 Long Blades
 + Level 10.0 Throwing
 + Level 10.5 Armour
 + Level 10.0 Dodging
 + Level 10.6 Shields
 + Level 6.2 Spellcasting
 + Level 6.7 Transmutations
 + Level 9.6 Evocations


You had 25 spell levels left.
You knew the following spells:

 Your Spells              Type           Power      Damage    Failure   Level
a - Wereblood             Tmut           18%        N/A       14%         2

Your spell library contained the following spells:

 Spells                   Type           Power      Damage    Failure   Level
 Beastly Appendage        Tmut           36%        N/A       9%          1
 Sting                    Tmut/Pois      40%        1d5       36%         1
 Spider Form              Tmut/Pois      10%        N/A       73%         3
 Pain                     Necr           12%        1d4       82%         1
 Shock                    Conj/Air       12%        1d3       82%         1
 Corpse Rot               Necr/Air       6%         N/A       91%         2
 Static Discharge         Conj/Air       3%         N/A       91%         2
 Blade Hands              Tmut           9%         N/A       94%         5
 Gell's Gravitas          Tloc           3%         N/A       99%         3
 Portal Projectile        Hex/Tloc       6%         N/A       99%         3
 Swiftness                Air            3%         N/A       99%         3
 Teleport Other           Tloc           3%         N/A       99%         3
 Airstrike                Air            1%         N/A       100%        4
 Agony                    Necr           3%         N/A       100%        5
 Excruciating Wounds      Necr           1%         N/A       100%        5
 Lightning Bolt           Conj/Air       1%         1d12      100%        5
 Conjure Ball Lightning   Conj/Air       1%         3x3d6     100%        6
 Dispersal                Tloc           1%         N/A       100%        6
 Discord                  Hex            1%         N/A       100%        8
 Disjunction              Tloc           1%         N/A       100%        8
 Maxwell's Capacitive Co  Air            1%         ∞         100%        8
 Chain Lightning          Conj/Air       1%         3d2       100%        9


Dungeon Overview and Level Annotations

Branches:
Dungeon (15/15)            Temple (0/1) D:4            Lair (6/6) D:10
 Shoals (3/4) Lair:3       Spider (0/4) Lair:4        Slime (0/5) Lair:5
    Orc (2/2) D:9             Elf (0/3) Orc:2        Vaults (0/5) D:13
 Depths (0/4) D:15          IceCv (visited)

Shops:
D:7 (*(   D:8 [   Orc:1 :   Orc:2 =*[?[[(*[

Annotations:
D:5 3 runed translucent doors, Skimidon's ghost, novice MiFi
D:14 3 runed translucent doors
Lair:6 exclusion: oklob plant


Innate Abilities, Weirdness & Mutations

You have an increased reservoir of magic. (+10% MP)
You shall have no god before yourself.
Your divine heritage dramatically boosts your attributes as you level up.


Message History

The water nymph casts a spell at you. The water swirls and strikes you!
Your unstable footing causes you to fumble your attack.
The merfolk aquamancer closely misses you.
The merfolk siren chants its luring song.
The merfolk aquamancer hits you with a +6 rapier of venom!
You are poisoned.
You block the water nymph's attack.
Unknown command.
You cut the merfolk aquamancer into ribbons!!!
You burn the merfolk aquamancer.
The merfolk aquamancer is almost dead.
You feel very sick. The water nymph casts a spell at you.
The water swirls and strikes you!
* * * LOW HITPOINT WARNING * * *
The water nymph casts a spell at you. The water swirls and strikes you!
* * * LOW HITPOINT WARNING * * *
The water nymph points at you and mumbles some strange words.
The water swirls and strikes you.
* * * LOW HITPOINT WARNING * * *
The merfolk aquamancer hits you but does no damage.
The merfolk siren chants its luring song.
You block the merfolk aquamancer's attack.
Okay, then.
Okay, then.
Okay, then.
Casting: Wereblood (safe; 14% risk of failure)
Confirm with . or Enter, or press ? or * to list all spells.
Okay, then.
Okay, then.
Blink to where?
Press: ? - help, Dir - move target
Found a potion of brilliance and 17 gold pieces.
As you read the scroll of blinking, it crumbles to dust.
You feel very sick.
The merfolk aquamancer points at you and mumbles some strange words.
The ball of steam hits you!
You die...

≈≈≈≈≈≈≈≈≈≈≈≈≈≈≈≈.<.# #)†.###.≈≈≈≈
≈≈≈≈≈≈≈≈≈≈≈≈)≈≈≈...###.≈......≈≈≈
≈≈≈≈≈≈≈≈≈≈≈)≈≈≈≈≈≈≈...≈).....≈≈≈≈
≈≈≈≈≈≈≈≈≈≈.≈≈≈≈≈≈≈≈≈≈≈≈≈†≈≈≈≈≈...
≈≈≈≈≈≈≈≈≈...≈≈≈≈≈≈≈≈≈≈≈≈≈≈≈≈≈≈...
≈≈≈≈≈≈.)..>.....≈≈≈≈≈≈≈≈≈≈≈≈≈≈..#
≈≈≈≈≈≈.........$.≈≈≈≈≈≈≈≈≈≈≈≈..##
≈≈≈≈≈≈[≈≈m≈.......≈≈≈≈≈≈≈≈≈≈≈...#
≈≈≈≈≈≈≈≈≈m≈...§§@.≈≈≈≈≈≈≈≈≈≈≈....
≈≈≈≈≈≈≈≈≈mm.§§.....≈≈≈≈≈≈.....<..
≈≈≈≈≈.≈≈≈≈m≈.≈.....!≈≈≈≈.....#...
≈≈≈≈≈≈..≈≈≈≈≈mm≈....≈≈≈≈.....####
≈≈≈≈≈≈≈≈≈..≈≈≈≈.≈≈≈.≈≈≈≈..... #
≈≈≈≈≈≈≈≈≈.≈≈≈≈≈≈≈≈≈.≈≈≈≈.$... #
≈≈≈≈≈≈≈≈≈.≈≈≈≈≈≈≈...≈≈≈..... .
≈≈≈≈≈≈≈≈.≈≈≈m≈≈≈..$≈≈≈≈≈≈.≈ .
.≈≈≈..( ..


You could see a merfolk siren (mesmerising) and 4 water nymphs.

Vanquished Creatures
  A shard shrike (IceCv)
  A kraken (Shoals:2)
  2 frost giants (Shoals:2)
  A stone giant (Shoals:2)
  A white draconian (IceCv)
  2 eleionomae (Shoals:1)
  2 ettins (Orc:1)
  3 merfolk impalers
  11 hydras
  Fannar (D:10)
  6 centaur warriors
  Harold (D:8)
  A merfolk avatar (Shoals:3)
  A merfolk aquamancer (Shoals:3)
  2 catoblepae
  A rakshasa (D:15)
  2 ogre magi
  An ironbound frostheart (IceCv)
  4 satyrs
  11 two-headed ogres
  11 death yaks
  5 tengu warriors
  An orc high priest (Orc:1)
  A deep elf knight (D:13)
  2 goliath frogs (Lair:6)
  4 skeletal warriors
  A glowing orange brain (D:15)
  2 deep trolls (Orc:1)
  4 sea snakes
  A steelbarb worm (shapeshifter) (D:15)
  An orange crystal statue (IceCv)
  2 harpies (shapeshifter)
  8 harpies (Shoals:1)
  2 orc knights
  An orc sorcerer (Orc:2)
  3 deep elf pyromancers (D:13)
  9 manticores
  A wolf spider (D:12)
  13 cyclopes
  24 ugly things
  13 fauns
  8 black mambas
  6 elephants
  4 water nymphs
  4 centaur zombies
  Joseph (D:8)
  A guardian serpent (shapeshifter) (D:9)
  7 merfolk sirens
  Maurice (D:8)
  29 cane toads
  3 gargoyles
  14 rime drakes
  3 yaktaurs (D:13)
  3 freezing wraiths
  An efreet (D:15)
  10 komodo dragons
  16 merfolk
  2 tengu conjurers
  13 trolls
  3 tyrant leeches (Lair:6)
  14 slime creatures
  4 hornets
  17 polar bears
  A blink frog (shapeshifter) (D:14)
  Grinder (D:3)
  8 wind drakes
  6 snapping turtles
  32 blink frogs
  8 dream sheep
  2 centaur simulacra (D:14)
  A shadow (D:10)
  2 wyverns
  5 basilisks
  A vampire (D:7)
  4 water elementals
  5 wraiths
  48 yaks
  11 vampire mosquitoes
  2 acid dragons
  3 wargs
  25 water moccasins
  Duvessa (D:6)
  10 black bears
  A sky beast (D:8)
  18 orc warriors
  An ice beast (D:6)
  24 ogres
  6 wolves (Lair:3)
  9 centaurs
  10 kobold brigands
  17 bullfrogs
  4 gnoll sergeants
  3 scorpions
  A water moccasin zombie (D:5)
  A wyvern skeleton (D:5)
  Dowan (D:6)
  3 killer bees
  7 wights
  7 howler monkeys
  2 centaur skeletons
  A gnoll shaman (D:5)
  7 orc priests
  6 hounds
  4 jellies
  Jessica (D:3)
  3 iguanas
  21 orc wizards
  5 hell rats (Lair:2)
  A killer bee zombie (D:7)
  A hound zombie (D:5)
  A hound skeleton (D:4)
  11 gnolls
  A howler monkey skeleton (D:5)
  8 adders
  2 white imps
  An ufetubus (D:5)
  An adder zombie (D:5)
  2 dart slugs
  66 orcs
  7 ball pythons
  7 bats
  2 endoplasms (D:1)
  3 giant cockroaches
  8 goblins
  6 hobgoblins
  6 jackals
  22 kobolds
  A quokka (D:4)
  3 frilled lizards
  4 rats
  2 tentacles (Shoals:2)
833 creatures vanquished.

Vanquished Creatures (others)
  A kobold demonologist (D:13)
  4 orcs
  74 fungi
  187 plants
  21 tentacles (Shoals:2)
287 creatures vanquished.

Grand Total: 1120 creatures vanquished

Notes
Turn   | Place    | Note
-------+----------+-------------------------------------------
     0 | D:1      | Hasart the Demigod Fighter began the quest for the Orb.
     0 | D:1      | Reached XP level 1. HP: 18/18 MP: 3/3
   129 | D:1      | Reached skill level 2 in Long Blades
   137 | D:1      | Reached XP level 2. HP: 12/25 MP: 4/4
   799 | D:1      | Reached skill level 1 in Dodging
   801 | D:1      | Reached XP level 3. HP: 30/30 MP: 5/5
  1825 | D:3      | Noticed Grinder
  1901 | D:3      | Reached skill level 1 in Throwing
  1901 | D:3      | Reached XP level 4. HP: 37/38 MP: 6/6
  2103 | D:3      | Noticed Jessica
  2108 | D:3      | Killed Jessica
  2211 | D:4      | Noticed an ogre
  2234 | D:4      | Killed an ogre
  2235 | D:4      | Reached skill level 3 in Long Blades
  2235 | D:4      | Reached XP level 5. HP: 45/45 MP: 7/7
  2261 | D:4      | Identified the +1 chain mail of Articulation {rPois rF+
                  | Str+4}
  2418 | D:4      | Reached XP level 6. HP: 43/51 MP: 8/8
  2604 | D:4      | Found a staircase to the Ecumenical Temple.
  2904 | D:4      | Noticed a water moccasin
  2916 | D:4      | Killed a water moccasin
  3089 | D:5      | Entered Level 5 of the Dungeon
  3168 | D:5      | Reached skill level 4 in Long Blades
  3401 | D:5      | Found a runed translucent gate.
  3401 | D:5      | Found a runed translucent gate.
  3401 | D:5      | Found a runed translucent gate.
  3478 | D:5      | Reached XP level 7. HP: 46/58 MP: 9/9
  4798 | D:5      | Noticed Skimidon's ghost (novice MiFi)
  5047 | D:3      | Paralysed by Grinder for 4 turns
  5241 | D:3      | Paralysed by Grinder for 3 turns
  5246 | D:3      | Paralysed by Grinder for 4 turns
  5258 | D:3      | Paralysed by Grinder for 4 turns
  5265 | D:3      | Paralysed by Grinder for 4 turns
  5427 | D:3      | Killed Grinder
  5428 | D:3      | Reached skill level 5 in Long Blades
  5428 | D:3      | Reached XP level 8. HP: 36/67 MP: 10/10
  5977 | D:6      | Reached skill level 1 in Evocations
  6743 | D:6      | Noticed Duvessa
  6743 | D:6      | Noticed Dowan
  6753 | D:6      | Killed Duvessa
  6755 | D:6      | Killed Dowan
  7041 | D:7      | Found Erent's Weapon Emporium.
  7162 | D:7      | Reached skill level 6 in Long Blades
  7280 | D:7      | Found Oddarch's General Store.
  7368 | D:7      | Reached XP level 9. HP: 73/73 MP: 11/11
  7437 | D:7      | Reached skill level 5 in Fighting
  7451 | D:7      | Reached skill level 5 in Shields
  7656 | D:7      | Reached skill level 5 in Armour
  8029 | D:7      | Found Xoaji Kag's Antique Weapon Boutique.
  8041 | D:7      | Bought a glowing falchion for 144 gold pieces
  8498 | D:8      | Noticed a cyclops
  8503 | D:8      | Killed a cyclops
  8504 | D:8      | Reached skill level 7 in Long Blades
  8923 | D:8      | Noticed Harold
  8953 | D:8      | Killed Harold
  8970 | D:8      | Noticed Joseph
  8981 | D:8      | Killed Joseph
  8982 | D:8      | Reached XP level 10. HP: 83/83 MP: 13/13
  9052 | D:8      | Noticed Maurice
  9065 | D:8      | Killed Maurice
  9572 | D:8      | Found Vopnast's Armour Shop.
  9881 | D:8      | Reached skill level 5 in Throwing
  9885 | D:8      | Reached skill level 5 in Dodging
  9897 | D:8      | Noticed a two-headed hydra
  9930 | D:8      | Killed a two-headed hydra
  9931 | D:8      | Reached skill level 8 in Long Blades
 10844 | D:9      | Found a staircase to the Orcish Mines.
 11352 | D:9      | Noticed a two-headed ogre
 11389 | D:9      | Killed a two-headed ogre
 11690 | D:8      | Bought a +2 hat of see invisible for 315 gold pieces
 11811 | D:9      | Noticed a centaur warrior
 11823 | D:9      | Killed a centaur warrior
 11824 | D:9      | Reached XP level 11. HP: 58/91 MP: 14/14
 12176 | Orc:1    | Entered Level 1 of the Orcish Mines
 12320 | Orc:1    | Noticed an ettin
 12347 | Orc:1    | Killed an ettin
 12348 | Orc:1    | Reached skill level 9 in Long Blades
 12627 | Orc:2    | Entered Level 2 of the Orcish Mines
 12636 | Orc:2    | Noticed a two-headed ogre
 12655 | Orc:2    | Noticed a two-headed ogre
 12727 | Orc:1    | Killed a two-headed ogre
 12728 | Orc:1    | Reached skill level 5 in Evocations
 13063 | Orc:2    | Noticed an ogre mage
 13094 | Orc:1    | Killed a two-headed ogre
 13335 | Orc:2    | Noticed a deep troll
 13335 | Orc:2    | Noticed a two-headed ogre
 13337 | Orc:2    | Noticed a two-headed ogre
 13389 | Orc:1    | Killed a deep troll
 13400 | Orc:1    | Killed an ogre mage
 13665 | Orc:1    | Killed a two-headed ogre
 13667 | Orc:1    | Killed a two-headed ogre
 13732 | Orc:2    | Noticed a two-headed ogre
 13974 | Orc:2    | Noticed a deep troll
 13974 | Orc:2    | Noticed an ettin
 13974 | Orc:2    | Found Juvuirim's Assorted Antiques.
 13975 | Orc:2    | Noticed a two-headed ogre
 13975 | Orc:2    | Noticed a two-headed ogre
 14063 | Orc:1    | Killed an ettin
 14330 | D:10     | Entered Level 10 of the Dungeon
 14421 | D:10     | Identified the +1 robe of Hedonism {rF+}
 14421 | D:10     | Noticed a centaur warrior
 14438 | D:10     | Killed a centaur warrior
 14439 | D:10     | Reached skill level 10 in Long Blades
 14439 | D:10     | Reached XP level 12. HP: 97/100 MP: 15/15
 14559 | D:10     | Found a staircase to the Lair.
 14617 | Lair:1   | Entered Level 1 of the Lair of Beasts
 16721 | Lair:3   | Noticed a four-headed hydra
 16738 | Lair:3   | Killed a four-headed hydra
 17060 | Lair:3   | Noticed a four-headed hydra
 17092 | Lair:3   | Killed a four-headed hydra
 17511 | Lair:3   | Reached skill level 11 in Long Blades
 17568 | Lair:3   | Noticed a four-headed hydra
 17601 | Lair:2   | Killed a four-headed hydra
 17945 | Lair:3   | Learned a level 2 spell: Wereblood
 18051 | Lair:3   | Reached XP level 13. HP: 92/107 MP: 16/16
 18716 | Lair:3   | Found a staircase to the Shoals.
 18841 | Lair:4   | Reached skill level 1 in Transmutations
 18950 | Lair:4   | Found a hole to the Spider Nest.
 18998 | Lair:4   | Reached skill level 1 in Spellcasting
 19418 | Lair:4   | Identified the +5 chain mail of Lies {Regen+ rCorr Str+8
                  | Stlth-}
 21019 | Lair:5   | Found a staircase to the Slime Pits.
 22002 | Lair:6   | Entered Level 6 of the Lair of Beasts
 22198 | Lair:6   | Reached skill level 12 in Long Blades
 22309 | Lair:6   | Reached XP level 14. HP: 116/116 MP: 21/21
 23829 | Orc:2    | Found Casacrock's Magic Scroll Emporium.
 23830 | Orc:2    | Found Suuluwia's Antique Armour Boutique.
 23831 | Orc:2    | Found a staircase to the Elven Halls.
 23841 | Orc:2    | Bought a scroll of teleportation for 45 gold pieces
 23841 | Orc:2    | Bought a scroll of teleportation for 45 gold pieces
 23841 | Orc:2    | Bought a scroll of magic mapping for 52 gold pieces
 23841 | Orc:2    | Bought a scroll of magic mapping for 52 gold pieces
 23863 | Orc:2    | Bought a scroll of blinking for 112 gold pieces
 24101 | Orc:2    | Paralysed by an ogre mage for 4 turns
 24167 | Orc:2    | Found Rucireq's Antique Armour Emporium.
 24178 | Orc:2    | Bought a pair of embroidered gloves for 187 gold pieces
 24178 | Orc:2    | Bought a jewelled helmet for 237 gold pieces
 24178 | Orc:2    | Identified the -7 helmet of the Orb Guardian {Int+4} (You
                  | bought it in a shop on level 2 of the Orcish Mines)
 24203 | Orc:2    | Found Citot's General Store.
 24218 | Orc:2    | Found Beib's Antique Weapon Boutique.
 24226 | Orc:2    | Bought a runed long sword for 188 gold pieces
 24226 | Orc:2    | Bought a glowing long sword for 188 gold pieces
 24375 | Orc:2    | Found Hifos's Armour Shoppe.
 24421 | Orc:2    | Found Utasoaraa's Antique Armour Shop.
 24430 | Orc:2    | Bought a runed scarf for 280 gold pieces
 24546 | Orc:2    | Found Bet Beiwn's Jewellery Emporium.
 24707 | Orc:1    | Found Goirgh's Book Shoppe.
 24967 | D:10     | Noticed Fannar
 24986 | D:10     | Killed Fannar
 25461 | D:11     | Got Xaxkerhu's Guide on the Birds and Envenoming
 26606 | D:13     | Reached XP level 15. HP: 116/125 MP: 25/25
 26705 | D:13     | Reached skill level 13 in Long Blades
 27397 | D:13     | Found the +3 Mad Mage's Maulers {Infuse+∞ RegenMP Int-3}
 27424 | D:13     | Found a gate to the Vaults.
 27648 | D:13     | Reached skill level 5 in Transmutations
 28057 | D:14     | Found a runed translucent door.
 28065 | D:14     | Found a runed translucent door.
 28112 | D:14     | Found a runed translucent door.
 28482 | D:15     | Entered Level 15 of the Dungeon
 29104 | D:15     | Identified the +3 whip of the Puffball {antimagic, rPois
                  | rN+ Stlth+}
 29298 | D:15     | Reached skill level 5 in Spellcasting
 29604 | D:15     | Found a staircase to the Depths.
 30101 | Shoals:1 | Entered Level 1 of the Shoals
 30153 | Shoals:1 | Identified the +7 hand axe of the Coin {flame, Contam rF-
                  | rCorr Int+8}
 30156 | Shoals:1 | Reached skill level 10 in Fighting
 30224 | Shoals:1 | Found a frozen archway.
 30260 | IceCv    | Entered an ice cave
 30659 | IceCv    | Reached skill level 10 in Shields
 30710 | IceCv    | Reached skill level 10 in Armour
 30969 | IceCv    | Noticed a shard shrike
 31024 | IceCv    | Killed a shard shrike
 31125 | IceCv    | Identified the +1 scale mail of Fala Uvy {rPois Str+4}
 31193 | Shoals:1 | Reached XP level 16. HP: 129/134 MP: 1/28
 31627 | Shoals:1 | Reached skill level 14 in Long Blades
 31788 | Shoals:1 | Identified the +3 hunting sling "Wueph" {venom, rElec rN+
                  | Int+3}
 32007 | Shoals:1 | Identified the +1 robe "Gieps" {Drain Str+6}
 32970 | Shoals:2 | Reached skill level 10 in Throwing
 33609 | Shoals:2 | Noticed a kraken
 33686 | Shoals:2 | Killed a kraken
 33978 | Shoals:3 | Reached skill level 10 in Dodging
 34381 | Shoals:3 | Found the +7 sceptre of Torment {pain, torment}
 34523 | Shoals:3 | Killed from afar by a merfolk aquamancer

Illustrated notes

Levels and vault maps discovered:
D:1:      lemuel_arrival_broad_hall, layout_rooms,
          chequers_ecumenical_altar_twisty
D:2:      layout_basic
D:3:      layout_rooms, mainiacjoe_overflow_divided_tiny, uniq_jessica,
          uniq_grinder
D:4:      layout_basic, nicolae_ru_sacrificial_ziggurat, temple_green,
          chequers_serial_rivers_small_a, minmay_stone_trees_small
D:5:      layout_layer_cave, gammafunk_ghost_icy, st_stairs_1
D:6:      layout_basic, okawaru_metal_pillars_1_2, grunt_gozag_statues,
          minivault_11, uniq_duvessa
D:7:      layout_basic, serial_shops, nicolae_shop_behind_doors,
          nicolae_stop_n_shop_1, nicolae_shop_bloodbath_and_beyond
D:8:      layout_layer_cave, serial_shops, nicolae_shop_behind_doors,
          hangedman_ranch, uniq_harold, uniq_maurice, uniq_joseph
D:9:      layout_loops_cross, kennysheep_orc_monster_closet_entryway, kb_rosetta
D:10:     layout_rooms, david_lair_shrubbed, uniq_fannar
D:11:     layout_roguey, hangedman_abyss_or_decor_stagger
D:12:     nicolae_cairo_tiling_very_big, layout_cave_pools,
          nicolae_qazlal_general_emergency
D:13:     layout_roguey, hangedman_vaults_entry_quadrant_bands,
          nicolae_hepliaklqana_hazy_memory
D:14:     layout_small_grid, mikee_hates_you
D:15:     gammafunk_enter_depths_forms, layout_small_grid, hex_medium
Lair:1:   layout_hall_layers
Lair:2:   beast_lair_carwin_large_1, layout_hall_layers
Lair:3:   layout_regular_city, elwin_shoals_entry_stream, beast_lair_carwin_10
Lair:4:   layout_cellular_growth, dummy_spider_entry, grunt_megastairs_1,
          infiniplex_staircase_pool_2, lemuel_fruit_tree
Lair:5:   cheibrodos_lair_overgrown_chateau, layout_cave_pods,
          dpeg_slime_entry_enclosed_altar, patterned_corridor
Lair:6:   minmay_lair_end_frog_pond, layout_loops_ring, basic_altar
Shoals:1: layout_shoals, portal_ice_cave_entry_frozen_things,
          nicolae_shoals_enchanted_isle
Shoals:2: layout_shoals, st_sunken_temple
Shoals:3: layout_shoals, nicolae_splish_splash, uniq_bai_suzhen, uniq_roxanne
Orc:1:    layout_caves, serial_shops, shop_statue
Orc:2:    st_orc_open, layout_caves, serial_shops, nicolae_shop_hallway_plus,
          shop, shop, nicolae_diamond_shop, basic_altar,
          minmay_shop_enchanted_jewellery

Skill      XL: |  1  2  3  4  5  6  7  8  9 10 11 12 13 14 15 16 |
---------------+-------------------------------------------------+-----
Long Blades    | 2 3 4 5 6 7 8 10 11 12 13 14 | 14.2
Dodging        | 1 2 3 4 5 6 7 8 9 10 | 10.0
Shields        | 3 4 5 6 7 8 9 10 | 10.6
Fighting       | 3 4 5 6 7 8 9 10 | 10.6
Armour         | 3 4 5 6 7 8 9 10 | 10.5
Throwing       | 1 2 3 4 5 6 7 8 9 10 | 10.0
Evocations     | 2 3 4 5 6 7 8 9 |  9.6
Transmutations | 3 4 5 6 |  6.7
Spellcasting   | 2 4 5 6 |  6.2

Action                   |  1- 3 |  4- 6 |  7- 9 | 10-12 | 13-15 | 16-18 || total
-------------------------+-------+-------+-------+-------+-------+-------++-------
Melee: Long sword        |   138 |   121 |   409 |       |   342 |       ||  1010
       Falchion          |       |       |    65 |   931 |  1434 |       ||  2430
       Rapier            |       |       |       |    77 |   109 |       ||   186
       Scimitar          |       |       |       |       |   393 |   365 ||   758
Throw: Dart              |     2 |    10 |    32 |    49 |    13 |    38 ||   144
       Javelin           |       |     2 |     2 |     2 |       |       ||     6
       Boomerang         |       |       |    17 |    10 |    25 |    22 ||    74
       Throwing net      |       |       |     3 |       |       |       ||     3
Evoke: Wand              |       |       |       |       |     3 |       ||     3
  Use: Scroll            |       |       |    13 |     5 |     4 |     9 ||    31
       Potion            |       |       |     1 |     3 |     3 |     2 ||     9
Armor: Scale mail        |    37 |    13 |       |       |       |       ||    50
       Chain mail        |       |    67 |   136 |   254 |   635 |   105 ||  1197
Dodge: Dodged            |    57 |    66 |   240 |   490 |   935 |   136 ||  1924
       Repelled          |       |       |       |       |    11 |     4 ||    15
Block: Buckler           |    66 |    74 |   295 |   173 |       |       ||   608
       Reflection        |     1 |     1 |     8 |     9 |    14 |    56 ||    89
       Kite shield       |       |       |       |   775 |  2005 |   386 ||  3166
       Other             |       |       |       |     1 |       |       ||     1
